 Dungeon Crawl Stone Soup version 0.30-a0-782-ge64f9170bb (webtiles) character file.

Game seed: 5833805666833418126

371 Smoke131 the Sneak (level 6, 0/32 HPs)
             Began as a Vampire Enchanter on Feb 18, 2023.
             Slain by Blork the orc
             ... wielding a +0 dire flail
              (9 damage)
             ... on level 4 of the Dungeon.
             The game lasted 00:08:15 (3245 turns).

Smoke131 the Sneak (Vampire Enchanter)              Turns: 3245, Time: 00:08:16

Health: 0/32       AC:  3    Str:  7    XL:     6   Next: 42%
Magic:  2/10       EV: 13    Int: 17    God:
Gold:   230        SH:  0    Dex: 17    Spells: 6/11 levels left

rFire   + . .      SeeInvis +    a - +1 dagger
rCold   + + .      Faith    .    (no shield)
rNeg    + + +      Spirit   .    b - +0 robe
rPois   ∞          Reflect  .    r - +0 helmet "Axuusu" {rF+}
rElec   .          Harm     .    (no cloak)
rCorr   .          Rampage  .    (no gloves)
Will    .....                    (no boots)
Stlth   +++++                    (no amulet)
HPRegen 0.00/turn                (no ring)
MPRegen 0.12/turn                (no ring)

@: very slightly contaminated, bloodless, inhibited regen
A: bloodless, fangs 3, see invisible, vampiric 2
a: Bat Form, Revivify


You were on level 4 of the Dungeon.
You visited 1 branch of the dungeon, and saw 4 of its levels.

You collected 230 gold pieces.

Inventory:

Hand Weapons
 a - a +1 dagger (weapon)
 o - a +0 rapier
Missiles
 i - 5 curare-tipped darts (quivered)
 q - 5 poisoned darts
Armour
 b - a +0 robe (worn)
 r - the +0 helmet "Axuusu" (worn) {rF+}
   (You found it on level 4 of the Dungeon)

   rF:        It protects you from fire.
Jewellery
 g - an amulet of faith
Wands
 n - a wand of mindburst (14)
Scrolls
 e - a scroll of enchant armour {unknown}
 f - 2 scrolls of brand weapon {unknown}
 j - a scroll of teleportation {unknown}
 k - 3 scrolls of identify {unknown}
 l - a scroll of fear {unknown}
 m - a scroll of enchant weapon {unknown}
 p - a scroll of silence {unknown}
Potions
 c - 2 potions of invisibility
 d - 2 potions of berserk rage {unknown}
 h - a potion of brilliance {unknown}
 s - a potion of heal wounds {unknown}


   Skills:
 - Level 2.0 Short Blades
 + Level 3.8 Dodging
 + Level 6.3 Stealth
 + Level 3.2 Spellcasting
 + Level 6.0 Hexes
 + Level 2.3 Ice Magic


You had 6 spell levels left.
You knew the following spells:

 Your Spells              Type           Power      Damage    Failure   Level
a - Ensorcelled Hibernat  Hex/Ice        34%        N/A       4%          2
b - Confusing Touch       Hex            23%        N/A       4%          3

Your spell library contained the following spells:

 Spells                   Type           Power      Damage    Failure   Level
 Tukima's Dance           Hex            23%        N/A       4%          3
 Dazzling Flash           Conj/Hex       26%        N/A       14%         3
 Summon Guardian Golem    Hex/Summ       13%        N/A       14%         3
 Summon Small Mammal      Summ           8%         N/A       17%         1
 Hailstorm                Conj/Ice       6%         3d4       30%         3
 Call Canine Familiar     Summ           2%         N/A       45%         3
 Ice Form                 Ice/Tmut       6%         N/A       71%         4
 Simulacrum               Ice/Necr       3%         N/A       100%        6


Dungeon Overview and Level Annotations

Branches:
Dungeon (4/15)
 Temple: D:4-7

Altars:

Shops:
D:4 (

Annotations:
D:4 Blork the orc


Innate Abilities, Weirdness & Mutations

You do not regenerate when monsters are visible.
You are frail without blood (-20% HP).
You can heal yourself when you bite living creatures.
You are immune to poison.
You have razor-sharp teeth.
You have supernaturally acute eyesight. (SInv)
You are afflicted with vampirism and can become a bat while bloodless.


Message History

You barely miss Blork the orc.
Blork the orc hits you with a +0 dire flail.
Blork the orc screams, "I'll make a cloak from your skin!"
Blork the orc hits you with a +0 dire flail!!
Ouch! That really hurt!
Blork the orc attacks as you move away!
Blork the orc hits you with a +0 dire flail.
* * * LOW HITPOINT WARNING * * *
Blork the orc attacks as you move away! Blork the orc closely misses you.
Casting: Ensorcelled Hibernation (safe; 4% risk of failure)
Confirm with . or Enter, or press ? or * to list all spells.
Aiming: Ensorcelled Hibernation (safe; 4% risk of failure)
Press: ? - help, Shift-Dir - straight line, f - Blork the orc
Aim: Blork the orc, wielding a +0 dire flail and wearing a +1 robe of willpower (chance to affect: 18%) Blork the orc resists with almost no effort.
Blork the orc misses you.
Casting: Ensorcelled Hibernation (safe; 4% risk of failure)
Confirm with . or Enter, or press ? or * to list all spells.
Aiming: Ensorcelled Hibernation (safe; 4% risk of failure)
Press: ? - help, Shift-Dir - straight line, f/p - Blork the orc
Aim: Blork the orc, wielding a +0 dire flail and wearing a +1 robe of willpower (chance to affect: 18%) Blork the orc resists with almost no effort.
Blork the orc points at you and mumbles some strange words.
The puff of flame misses you.
Casting: Ensorcelled Hibernation (safe; 4% risk of failure)
Confirm with . or Enter, or press ? or * to list all spells.
Aiming: Ensorcelled Hibernation (safe; 4% risk of failure)
Press: ? - help, Shift-Dir - straight line, f/p - Blork the orc
Aim: Blork the orc, wielding a +0 dire flail and wearing a +1 robe of willpower (chance to affect: 18%)
You miscast Ensorcelled Hibernation.
You are very lightly contaminated with residual magic.
Nothing appears to happen.
Blork the orc closely misses you.
Casting: Ensorcelled Hibernation (safe; 4% risk of failure)
Confirm with . or Enter, or press ? or * to list all spells.
Aiming: Ensorcelled Hibernation (safe; 4% risk of failure)
Press: ? - help, Shift-Dir - straight line, f/p - Blork the orc
Aim: Blork the orc, wielding a +0 dire flail and wearing a +1 robe of willpower (chance to affect: 18%) Blork the orc resists with almost no effort.
Blork the orc hits you with a +0 dire flail!
You die...

.#.......#..# ........
.........#..# ........
............# ......#
#####.###)#.# #....'
.....>..#.#
#....#############)#
#............#####.####
#....######............
#..o@....#######.####
.###.####.###.### #.#
......∩...# #.# #.#
####.###### #.# ..# #.#
..# #.# ... #.# ...#
#.# #.#


You could see Blork the orc.

Vanquished Creatures
  Eustachio (D:4)
  A hound (D:4)
  Jessica (D:2)
  An iguana (D:3)
  Robin (D:3)
  5 gnolls
  3 adders
  2 worms (D:3)
  A dart slug (D:1)
  4 ball pythons
  8 endoplasms
  2 giant cockroaches (D:3)
  8 goblins
  4 hobgoblins
  7 jackals
  5 quokkas
  4 bats (D:2)
  2 frilled lizards
  2 kobolds
  5 rats
67 creatures vanquished.

Notes
Turn   | Place    | Note
-------+----------+-------------------------------------------
     0 | D:1      | Smoke131 the Vampire Enchanter began the quest for the Orb.
     0 | D:1      | Reached XP level 1. HP: 13/13 MP: 3/3
   115 | D:1      | Reached XP level 2. HP: 8/19 MP: 5/5
   380 | D:1      | Learned a level 2 spell: Ensorcelled Hibernation
   541 | D:1      | You fall into a shaft and drop 1 floor!
   545 | D:2      | Gained mutation: You are afflicted with vampirism and can
                  | become a bat while bloodless. [Vampire growth]
   545 | D:2      | Reached XP level 3. HP: 19/19 MP: 6/6
   791 | D:2      | Learned a level 3 spell: Confusing Touch
  1130 | D:2      | Reached skill level 5 in Stealth
  1402 | D:2      | Noticed Jessica
  1410 | D:2      | Killed Jessica
  1411 | D:2      | Reached skill level 5 in Hexes
  1411 | D:2      | Reached XP level 4. HP: 22/24 MP: 0/7
  1722 | D:3      | Reached skill level 1 in Ice Magic
  1894 | D:3      | Reached XP level 5. HP: 28/28 MP: 1/9
  2006 | D:3      | Noticed Robin
  2196 | D:3      | Killed Robin
  2781 | D:4      | Noticed Eustachio
  2788 | D:4      | Killed Eustachio
  2789 | D:4      | Reached XP level 6. HP: 32/32 MP: 3/10
  2920 | D:4      | Identified the +0 helmet "Axuusu" {rF+}
  3233 | D:4      | Found Xucurat's Antique Weapon Shoppe.
  3234 | D:4      | Noticed Blork the orc
  3245 | D:4      | Slain by Blork the orc

Illustrated notes

Levels and vault maps discovered:
D:1:      dpeg_arrival_tiny_a, layout_basic
D:2:      layout_loops_corners, uniq_jessica
D:3:      layout_loops_ring, uniq_robin
D:4:      layout_basic, serial_shops, shop, minmay_misc_feat_tiny,
          uniq_crazy_yiuf_cottage, uniq_eustachio, uniq_blork_the_orc

Skill      XL: |  1  2  3  4  5 |
---------------+----------------+-----
Short Blades   | 2 |  2.0
Stealth        | 5 6 |  6.3
Hexes          | 5 6 |  6.0
Ice Magic      | 1 2 |  2.3
Dodging        | 3 |  3.8
Spellcasting   | 3 |  3.2

Action                     |  1- 3 |  4- 6 || total
---------------------------+-------+-------++-------
  Melee: Dagger            |    85 |    83 ||   168
         Bite              |     8 |     7 ||    15
   Cast: Ensorcelled Hiber |     3 |    24 ||    27
Ability: Exsanguinate      |     1 |       ||     1
    Use: Potion            |     1 |       ||     1
   Stab: Invisible         |     1 |       ||     1
         Sleeping          |    15 |    20 ||    35
 Armour: Robe              |    11 |    10 ||    21
  Dodge: Dodged            |    55 |    65 ||   120

Table legend: (Time is in decaauts)
 A = Elapsed time spent in this place.
 B = Non-inter-level travel time spent in this place.
 C = Inter-level travel time spent in this place.
 D = Time resting spent in this place.
 E = Time spent auto-exploring this place.
 F = Levels seen in this place.
 G = Mean time per level.
                   A        B        C        D        E       F      G
               +--------+--------+--------+--------+--------+-----+--------+
         Total |   3233 |   3184 |     49 |    403 |   2001 |   4 |  808.2 |
       Dungeon |   3233 |   3184 |     49 |    403 |   2001 |   4 |  808.2 |
               +--------+--------+--------+--------+--------+-----+--------+

Top non-repeatable levels by time:
     D:2: 1237 daAuts
     D:3: 936 daAuts
     D:1: 655 daAuts
     D:4: 404 daAuts
